 Dungeon Crawl Stone Soup version 0.27-a0-760-gc38aae387d (webtiles) character file.

Game seed: 6302422877529863789

16 kae the Skirmisher (level 2, 0/27 HPs)
             Began as a Hill Orc Fighter on Mar 25, 2021.
             Slain by a worm (9 damage)
             ... on level 2 of the Dungeon.
             The game lasted 00:00:20 (1322 turns).

kae the Skirmisher (Hill Orc Fighter)               Turns: 1322, Time: 00:00:20

Health: 0/27       AC:  6    Str: 18    XL:     2   Next: 58%
Magic:  2/2        EV:  7    Int:  8    God:
Gold:   20         SH:  9    Dex: 10    Spells: 1/1 levels left

rFire    . . .     SeeInvis .   a - +0 war axe
rCold    . . .     Faith    .   c - +0 kite shield
rNeg     . . .     Spirit   .   b - +0 scale mail
rPois    .         Reflect  .   (no helmet)
rElec    .         Harm     .   (no cloak)
rCorr    .         Rampage  .   (no gloves)
Will     .....                  (no boots)
Stlth    ..........             (no amulet)
HPRegen  0.09/turn              (no ring)
MPRegen  0.08/turn              (no ring)

@: no status effects
A: no striking features
a: no special abilities


You were on level 2 of the Dungeon.
You visited 1 branch of the dungeon, and saw 2 of its levels.

You collected 20 gold pieces.

Inventory:

Hand Weapons
 a - a +0 war axe (weapon)
Armour
 b - a +0 scale mail (worn)
 c - a +0 kite shield (worn)
Jewellery
 f - a ring of wizardry
Scrolls
 e - a scroll of teleportation {unknown}
 g - a scroll of identify {unknown}
Potions
 d - 2 potions of might
 h - a potion of flight {unknown}


   Skills:
 + Level 3.9 Fighting
 * Level 3.5 Axes
 + Level 3.5 Armour
 - Level 3.2 Shields


You had one spell level left.
You didn't know any spells.
Your spell library was empty.

Dungeon Overview and Level Annotations

Branches:
Dungeon (2/15)

Altars:
Okawaru
Zin
The Shining One


Message History

There are monsters nearby!
There are monsters nearby!
There are monsters nearby!
There is an open door here.
Your shield and scale mail prevent you from hitting the worm.
The worm bites you but does no damage.
You hit the worm.
The worm is lightly wounded.
You block the worm's attack.
You hit the worm but do no damage.
The worm is lightly wounded.
You barely miss the worm. The worm barely misses you.
The worm bites you but does no damage.
You hit the worm.
The worm is moderately wounded.
You hit the worm but do no damage. The worm bites you.
You block the worm's attack.
You hit the worm.
The worm is moderately wounded.
You hit the worm. The worm bites you. The worm barely misses you.
You hit the worm.
The worm is heavily wounded.
You barely miss the worm. The worm bites you. The worm barely misses you.
You are too injured to fight recklessly!
You are too injured to fight recklessly!
You are too injured to fight recklessly!
You are too injured to fight recklessly!
You are too injured to fight recklessly!
You are too injured to fight recklessly!
You slash the worm!
The worm is almost dead.
You hit the worm. The worm bites you but does no damage. The worm bites you.
You hit the worm.
The worm is almost dead.
You slash the worm! The worm bites you but does no damage.
You block the worm's attack.
You barely miss the worm.
The worm is almost dead.
You hit the worm. The worm bites you but does no damage. The worm bites you!
You die...

..###########.#
.........# #.#######
.........####........
.......>.............
#..................#.
#.........#..........
#..........).....#.##
#+#####'###.####.#...
#.@....# #.#######
#.ww...# #.#......
#......####.#.#####
#..#.#.............
#..#.######.#.#####
#..#........#.#
#..##########.# #..#
#.# #.#


You could see 2 worms.

Vanquished Creatures
  A worm (D:2)
  A giant cockroach (D:1)
  2 goblins
  2 hobgoblins (D:1)
  A ball python (D:2)
  4 frilled lizards
  2 kobolds
  2 rats (D:1)
15 creatures vanquished.

Vanquished Creatures (others)
  9 toadstools (D:2)
9 creatures vanquished.

Grand Total: 24 creatures vanquished

Notes
Turn   | Place    | Note
-------+----------+-------------------------------------------
     0 | D:1      | kae the Hill Orc Fighter began the quest for the Orb.
     0 | D:1      | Reached XP level 1. HP: 19/19 MP: 1/1
   237 | D:1      | Reached XP level 2. HP: 10/26 MP: 2/2
   960 | D:2      | Found a glowing silver altar of Zin.
   968 | D:2      | Found an iron altar of Okawaru.
   970 | D:2      | Found a glowing golden altar of the Shining One.
  1014 | D:2      | HP: 1/27 [worm (2)]
  1322 | D:2      | Slain by a worm

Illustrated notes

Levels and vault maps discovered:
D:1:      saegor_arrival_simple_d, layout_rooms
D:2:      cheibrodos_fertilizer, layout_basic, lemuel_round_altar, minitemple

Skill      XL: |  1 |
---------------+----+-----
Axes           | 3 |  3.5
Fighting       | |  3.9
Armour         | |  3.5
Shields        | |  3.2

Action                   || total
-------------------------++-------
Melee: War axe           ||    42
Armor: Scale mail        ||    10
Dodge: Dodged            ||    12
Block: Kite shield       ||    16

Table legend: (Time is in decaauts)
 A = Elapsed time spent in this place.
 B = Non-inter-level travel time spent in this place.
 C = Inter-level travel time spent in this place.
 D = Time resting spent in this place.
 E = Time spent auto-exploring this place.
 F = Levels seen in this place.
 G = Mean time per level.
                   A        B        C        D        E       F      G
               +--------+--------+--------+--------+--------+-----+--------+
         Total |   1345 |   1312 |     33 |    191 |   1003 |   2 |  672.5 |
       Dungeon |   1345 |   1312 |     33 |    191 |   1003 |   2 |  672.5 |
               +--------+--------+--------+--------+--------+-----+--------+

Top non-repeatable levels by time:
     D:1: 770 daAuts
     D:2: 575 daAuts
